Map: 16 бит РВ

Players

GrimlokFox - Winner!

  • Race: Terran Terran
  • Spawn Location: 7:00

ИИ 1 (ученик)

  • Race: Terran Terran
  • Spawn Location: 1:00

VOD

Have the link to the VOD?

Description

Time

  • Played on: June 12, 2019, 7:58 a.m.
  • Length: 7:14
Show
View Real Time Build Order
Export as new Build Order

GrimlokFox Terran - Winner!

Build Orders: Cyclone Opening 

Get SALT Encoding   

  12  0:02  SCV  
  13  0:14  SCV  
  14  0:22  Supply Depot  
  14  0:26  Refinery  
  14  0:29  SCV  
  15  0:44  SCV  
  15  0:47  Barracks  
  16  0:56  SCV  
  17  1:08  SCV  
  17  1:09  Refinery  
  18  1:20  SCV  
  18  1:22  Supply Depot  
  19  1:35  Factory  
  19  1:42  Orbital Command  
  19  1:48  Barracks Reactor  
  19  2:13  SCV  
  19  2:14  Factory  
  20  2:26  Marine x2  
  20  2:28  Factory Tech Lab, Supply Depot  
  22  2:32  SCV  
  23  2:45  SCV  
  24  2:54  Cyclone  
  24  2:57  SCV  
  28  2:59  Factory Reactor  
  28  3:11  Supply Depot  
  28  3:27  Cyclone  
  31  3:37  Hellion x2  
  35  3:50  Supply Depot  
  35  3:59  Cyclone  
  35  4:01  Widow Mine  
  40  4:32  Hellion x2  
  40  4:35  Cyclone  
  47  4:54  Hellion x2  
  51  5:07  Cyclone  
  54  5:15  Hellion x2  
  58  5:36  Hellion x2  
  58  5:40  Cyclone  
  62  6:12  Cyclone  
  62  6:13  Hellion x2  
  69  6:36  Hellion  
  69  6:37  Hellion  
  78  7:07  Supply Depot  
Show
View Real Time Build Order
Export as new Build Order

ИИ 1 (ученик) Terran 

Build Orders:  

Get SALT Encoding   

  12  0:00  SCV  
  13  0:13  SCV  
  14  0:20  Supply Depot  
  14  0:25  SCV  
  15  0:41  SCV  
  16  0:44  Barracks  
  16  0:46  Refinery  
  16  1:10  Supply Depot  
  16  1:23  Refinery  
  16  1:31  Orbital Command, Barracks Tech Lab  
  16  1:48  Marine  
  17  1:56  SCV  
  18  2:06  Marine  
  18  2:08  SCV  
  20  2:11  Supply Depot  
  20  2:20  SCV  
  21  2:24  Marine  
  22  2:32  SCV  
  23  2:42  Marauder  
  25  2:44  SCV  
  26  2:56  SCV  
  27  3:04  Marauder  
  29  4:21  SCV  
  29  5:07  Reaper, SCV  
  29  5:09  Supply Depot  
  31  5:16  Factory  
  31  5:20  SCV  
  32  5:32  SCV  
  32  5:33  Supply Depot  
  33  5:39  Reaper  
  34  5:44  SCV  
  35  6:03  Starport  
  28  6:10  Command Center  
  28  6:12  Marauder  
  30  6:33  Marine  
  27  6:41  Starport Tech Lab  
  27  6:42  Hellion  
  27  6:45  Supply Depot  
  27  6:47  SCV  
  18  6:59  SCV  
Tags
 
Composition
Mech
Matchup
ТvТ
Spawn Locations
Cross Positions
Add a new tag
Caveats
  • Supply blocks, unpowered buildings, or Contaminate may cause inaccurate times.
  • Supply counts are checked every 10 seconds.